 Dungeon Crawl Stone Soup version 0.18.1-48-g4cf74bf (webtiles) character file.

109278 kobby the Peltast (level 16, 0/141 HPs)
             Began as a Hill Orc Fighter on July 1, 2016.
             Was the Champion of Qazlal.
             Slain by an alligator snapping turtle (20 damage)
             ... on level 4 of the Shoals.
             The game lasted 02:48:16 (23346 turns).

kobby the Peltast (Hill Orc Fighter)               Turns: 23346, Time: 02:48:17

Health: 0/141      AC: 28    Str: 28    XL:     16   Next: 51%
Magic:  18/18      EV: 10    Int:  6    God:    Qazlal [******]
Gold:   1011       SH: 25    Dex: 14    Spells: 0 memorised, 15 levels left

rFire  . . .     SeeInvis +     k - +5 short sword (venom)
rCold  + + .     Gourm    .     m - +0 plate armour
rNeg   . . .     Faith    .     c - +0 shield
rPois  .         Spirit   .     v - +3 crown of Dyrovepreva {rElec Int+2 SInv}
rElec  +         Dismiss  .     F - +2 cloak
rCorr  +         Reflect  .     I - +1 pair of gloves
SustAt .         Harm     .     R - +2 pair of boots
MR     +....                    G - amulet "Ecavefic" {Regen+ Str+5 Int-5}
Stlth  ..........               z - ring of resist corrosion
                                s - ring of protection from cold

@: about to teleport, engulfed (cannot breathe), protected from cold, very
slightly contaminated, repel missiles, somewhat resistant to hostile
enchantments, extremely unstealthy
A: strong 1
a: Upheaval, Elemental Force, Disaster Area, Renounce Religion


You were on level 4 of the Shoals.
You worshipped Qazlal.
Qazlal was exalted by your worship.
You were not hungry.

You visited 3 branches of the dungeon, and saw 27 of its levels.
You also visited: Sewer.

You collected 1580 gold pieces.
You spent 569 gold pieces at shops.

Inventory:

Hand Weapons
 k - a +5 short sword of venom (weapon)
 l - a +6 vampiric quick blade
 u - a +2 falchion of holy wrath
 Y - a +5 scimitar of flaming
Armour
 c - a +0 shield (worn)
 m - a +0 plate armour (worn)
 v - the +3 crown of Dyrovepreva (worn) {rElec Int+2 SInv}
   (You found it on level 4 of the Dungeon)

   It affects your intelligence (+2).
   It insulates you from electricity.
   It lets you see invisible.
 F - a +2 cloak (worn)
 I - a +1 pair of gloves (worn)
 R - a +2 pair of boots (worn)
Jewellery
 a - a cursed ring of teleportation
 b - an uncursed ring of ice
 s - a ring of protection from cold (left hand)
 t - an uncursed ring of positive energy
 z - a ring of resist corrosion (right hand)
 G - the amulet "Ecavefic" (around neck) {Regen+ Str+5 Int-5}
   (You found it on level 2 of the Lair of Beasts)

   [amulet of regeneration]

   It affects your strength (+5).
   It affects your intelligence (-5).
   It increases your rate of regeneration.
 J - an uncursed amulet of dismissal
 X - the amulet "Xist" {Harm *Drain +Fly rF+++ MR+ Str-2 Int-2}
   (You found it on level 13 of the Dungeon)

   [amulet of harm]

   It increases damage dealt and taken.
   It affects your strength (-2).
   It affects your intelligence (-2).
   It renders you almost immune to fire.
   It affects your resistance to hostile enchantments.
   It lets you fly.
Wands
 n - a wand of teleportation (2/9)
 p - a wand of lightning (4/15)
 q - a wand of teleportation (6/9)
 y - a wand of iceblast (0/15)
 A - a wand of lightning (0/15)
 N - a wand of flame (21/48)
 O - a wand of teleportation (5/9)
 S - a wand of disintegration (10/24)
 T - a wand of acid (0/15)
Scrolls
 h - 3 scrolls of magic mapping
 i - 9 scrolls of remove curse
 w - 7 scrolls of teleportation
 K - 3 scrolls of identify
 L - a scroll of fog
 M - a scroll of recharging
 W - 4 scrolls of fear
Potions
 d - 3 potions of invisibility
 e - a potion of heal wounds
 j - 10 potions of curing
 o - a potion of berserk rage
 x - 2 potions of cancellation
 B - 3 potions of flight
 D - 3 potions of might
 E - 3 potions of haste
Books
 Q - Wupocw's Almanac of Weightlessness and Calling
   (You found it on level 4 of the Shoals)

   Spells                             Type                      Level
   a - Call Imp                       Summoning                    2
   b - Freezing Cloud                 Conjuration/Ice/Air          6
   c - Conjure Ball Lightning         Conjuration/Air              6
   d - Poisonous Cloud                Conjuration/Poison/Air       6
Miscellaneous
 P - a phial of floods
 U - a crystal ball of energy
Comestibles
 f - 2 beef jerkies
 g - 3 meat rations
 r - a bread ration
 H - 10 royal jellies


   Skills:
 + Level 12.9 Fighting
 + Level 12.3(12.6) Short Blades
 + Level 5.0(10.1) Long Blades
 + Level 13.1 Armour
 + Level 5.2 Dodging
 + Level 2.2 Stealth
 + Level 19.9 Shields
 + Level 0.6 Invocations
 + Level 2.8 Evocations


You had 15 spell levels left.
You didn't know any spells.

Dungeon Overview and Level Annotations

Branches:
Dungeon (15/15)            Temple (0/1) D:6            Lair (8/8) D:9
 Shoals (4/4) Lair:4        Snake (0/4) Lair:4          Orc (0/2) D:10
  Slime: Lair:6-8    Vaults: D:13-14     Depths: D:15

Altars:
Ashenzari
Fedhas
Gozag
Nemelex Xobeh
Okawaru
Pakellas
Qazlal
Ru
Sif Muna
Trog
Vehumet
Yredelemnul
Zin
The Shining One

Shops:
D:4 *}   D:11 %   Shoals:4 ?

Annotations:
D:3 Rationalist's ghost, amateur MiFi
D:10 exclusions: obsidian statue and orange crystal statue
D:12 Britaniac's ghost, journeyman GrFi
Lair:8 exclusion: oklob plant
Shoals:4 Ilsuiw


Innate Abilities, Weirdness & Mutations

Your muscles are strong. (Str +2)


Message History

* * * LOW HITPOINT WARNING * * *
The water elemental is struck by lightning.
The water elemental closely misses you.
Ilsuiw is struck by lightning.
Ilsuiw hits you but does no damage. The water elemental hits you.
The water elemental is engulfed in freezing vapours.
You destroy the water elemental!
You hear a shout!
Evoke which item? (* to show all) (? for menu, Esc to quit)
Zapping:
n - a wand of teleportation (will waste charges)
Press: ? - help, Shift-Dir - straight line, f - you You feel strangely unstable.
Evoking this partially-identified wand wasted a few charges.
* * * LOW HITPOINT WARNING * * *
Your lungs strain for air!
You block the griffon's attack. x2; The griffon closely misses you.
The water elemental hits you.
Ilsuiw hits you from afar with a trident of freezing.
* * * LOW HITPOINT WARNING * * *
The alligator snapping turtle bites you from afar!!
You die...

≈≈≈≈≈≈≈≈≈≈≈≈≈≈≈≈≈≈≈≈≈≈≈≈≈≈≈≈≈≈≈≈≈
≈≈≈≈≈≈≈######≈≈≈≈≈≈≈≈≈≈≈≈≈≈≈≈≈≈≈≈
≈≈≈≈≈≈##****#≈≈≈≈≈≈≈≈≈≈≈≈≈≈≈≈≈≈≈≈
≈≈≈≈≈#,,≈**,###≈≈≈≈≈≈≈≈≈≈≈≈≈≈≈≈≈≈
≈≈≈≈≈*,,,≈,,,*#≈≈≈≈≈≈≈≈≈≈≈≈≈≈≈≈≈≈
,,≈≈***,*,*,*##≈≈≈≈≈≈≈≈≈≈≈≈≈≈≈≈≈≈
,,,,***≈,,,≈*#≈t§≈)≈≈≈≈≈≈≈≈≈≈≈≈≈≈
,,,,,**,*,*,*##H§≈§≈≈≈≈≈≈≈≈≈≈≈≈≈≈
,,,,≈*,,,≈,,,*#≈@≈≈≈≈≈≈≈.≈≈≈≈≈≈≈≈
,,,,***,,**,###EE÷§≈[≈.≈.≈≈≈≈≈≈≈≈
,,,,,,******#≈mEm§≈≈≈≈...≈≈≈≈≈≈≈≈
,,,,,≈#######≈≈÷≈≈≈≈≈≈.≈.m≈≈≈≈≈≈≈
≈≈≈≈,≈.....≈≈≈≈≈(≈≈#≈#####.≈≈≈≈≈≈
≈≈≈≈,≈...%≈≈≈≈≈≈≈≈≈###****,.≈≈≈≈≈
≈≈≈≈,≈......≈÷)≈≈###,≈≈*,**≈.≈≈≈≈
≈≈≈≈,........<≈≈≈##,,,≈,,,**,≈≈≈≈
≈≈≈≈,......P.....≈#*,*,*,≈**,≈≈≈≈


You could see Ilsuiw (invisible), an alligator snapping turtle, a griffon, a
merfolk aquamancer and 3 water elementals.

Vanquished Creatures
  A frost giant (Shoals:4)
  Maud (Lair:5)
  Snorg (Lair:6)
  2 merfolk javelineers (Shoals:3)
  Josephine (Lair:5)
  5 merfolk impalers
  7 hydras
  An alligator snapping turtle (Shoals:4)
  A catoblepas (Lair:8)
  2 centaur warriors
  3 merfolk avatars (Shoals:4)
  Erica (D:11)
  2 merfolk aquamancers
  A satyr (Shoals:4)
  6 death yaks (Lair:8)
  A tengu warrior (D:14)
  A queen ant (Lair:6)
  A deep troll shaman (Lair:8)
  The ghost of Reyan the Grappler, a novice TrMo (D:7)
  A skeletal warrior (D:14)
  A fire crab (Lair:8)
  11 sea snakes
  5 hill giants
  2 harpies (Shoals:1)
  2 lindwurms
  A necromancer (D:15)
  A deep elf mage (D:15)
  10 griffons
  3 cyclopes
  11 manticores
  5 sirens
  4 ugly things
  11 elephants
  10 black mambas
  4 water nymphs
  2 centaur skeletons
  A gargoyle (D:15)
  16 spiny frogs
  A rime drake (Lair:7)
  10 komodo dragons
  An efreet (D:14)
  3 trolls
  A wolf spider simulacrum (D:10)
  2 polar bears
  4 tengu conjurers (D:14)
  15 merfolk
  4 two-headed ogres
  4 wind drakes
  Prince Ribbit (D:7)
  11 snapping turtles
  25 blink frogs
  3 slime creatures (D:11)
  A spriggan zombie (D:15)
  2 shadows (D:14)
  2 centaur simulacra
  5 wraiths
  Eustachio (D:5)
  5 basilisks
  A fire elemental (Lair:3)
  5 water elementals
  A vampire (D:15)
  A basilisk (shapeshifter) (D:15)
  41 yaks
  2 wyverns
  3 hungry ghosts
  13 hippogriffs
  A mottled dragon (D:12)
  4 soldier ants (Lair:6)
  16 water moccasins
  12 porcupines
  2 hell hounds (D:9)
  Duvessa (D:7)
  8 orc warriors
  A swamp drake (D:10)
  An eye of draining (D:12)
  A sky beast (D:6)
  3 black bears
  2 wasps (D:9)
  5 ogres
  A phantom (D:5)
  6 ice beasts
  A necrophage (Lair:1)
  21 wolves
  10 centaurs
  21 crocodiles
  A big kobold (D:14)
  21 giant frogs
  A water moccasin zombie (D:7)
  2 scorpions
  Dowan (D:7)
  15 killer bees
  16 wights
  An electric eel (Lair:3)
  A howler monkey (D:5)
  4 crimson imps
  2 quasits
  A giant frog zombie (D:12)
  5 orc priests
  5 hounds
  3 jellies
  A giant frog skeleton (D:8)
  11 orc wizards
  10 iguanas
  27 worker ants
  4 sheep (Shoals:2)
  A hound zombie (D:5)
  A hound skeleton (D:6)
  A worker ant zombie (D:6)
  12 adders
  4 gnolls (D:8)
  40 river rats
  4 shadow imps
  3 oozes
  An adder zombie (D:9)
  4 worms (D:2)
  3 dart slugs (D:1)
  6 giant geckos
  45 orcs
  7 bats
  17 giant cockroaches
  10 goblins
  6 hobgoblins
  15 jackals
  A quokka (D:3)
  5 ball pythons
  6 giant newts
  A jackal zombie (D:7)
  11 kobolds
  6 rats (D:1)
  60 fungi
  75 plants
902 creatures vanquished.

Vanquished Creatures (others)
  An orc priest (D:13)
  An orc wizard (D:10)
  An orc (D:10)
  A bush (Lair:8)
  10 fungi
  24 plants
  9 tentacles
  157 tentacle segments
204 creatures vanquished.

Grand Total: 1106 creatures vanquished

Notes
Turn   | Place    | Note
--------------------------------------------------------------
     0 | D:1      | kobby the Hill Orc Fighter began the quest for the Orb.
     0 | D:1      | Reached XP level 1. HP: 19/19 MP: 1/1
    23 | D:1      | Reached XP level 2. HP: 26/27 MP: 2/2
   183 | D:1      | Reached XP level 3. HP: 33/33 MP: 3/3
   436 | D:1      | Gained mutation: You are robust (+10% HP). [potion of mutation]
   436 | D:1      | Gained mutation: You are very robust (+20% HP). [potion of mutation]
   436 | D:1      | Gained mutation: You are dopey. (Int -2) [potion of mutation]
   755 | D:2      | Found a sparkling altar of Nemelex Xobeh.
   762 | D:2      | Reached XP level 4. HP: 49/49 MP: 4/4
   766 | D:2      | Found a faded altar to an unknown god.
   799 | D:2      | You fall through a shaft!
  1454 | D:3      | Reached skill level 4 in Shields
  1500 | D:3      | Noticed Rationalist's ghost (amateur MiFi)
  1544 | D:4      | Found Paddyfod's Assorted Antiques.
  1550 | D:4      | Reached skill level 1 in Dodging
  1550 | D:4      | Reached XP level 5. HP: 44/56 MP: 5/5
  1573 | D:4      | Found a shattered altar of Ashenzari.
  1573 | D:4      | Found a stormy altar of Qazlal.
  1575 | D:4      | Found a glowing silver altar of Zin.
  1575 | D:4      | Found a basalt altar of Yredelemnul.
  1575 | D:4      | Found an iron altar of Okawaru.
  1578 | D:4      | Found a bloodstained altar of Trog.
  1580 | D:4      | Found an opulent altar of Gozag.
  1590 | D:4      | Became a worshipper of Qazlal Stormbringer
  1756 | D:4      | Found an oddly glowing altar of Pakellas.
  1756 | D:4      | Found Pakellas's Prime Provisions.
  1782 | D:4      | Noticed a centaur
  1796 | D:4      | Killed a centaur
  1796 | D:4      | Reached skill level 1 in Short Blades
  1796 | D:4      | Reached XP level 6. HP: 45/66 MP: 6/6
  1975 | D:4      | Reached skill level 5 in Fighting
  2515 | D:5      | Entered Level 5 of the Dungeon
  2717 | D:5      | Noticed an ice beast
  2731 | D:4      | Reached skill level 5 in Armour
  2731 | D:4      | Reached skill level 5 in Shields
  2731 | D:4      | Reached XP level 7. HP: 62/73 MP: 7/7
  3161 | D:5      | Noticed Eustachio
  3177 | D:5      | Killed Eustachio
  3177 | D:5      | Reached skill level 1 in Stealth
  3193 | D:5      | Reached XP level 8. HP: 82/82 MP: 8/8
  3457 | D:6      | Found a glowing drain.
  3479 | Sewer    | Entered a sewer
  3491 | Sewer    | Reached * piety under Qazlal
  3555 | Sewer    | Reached skill level 6 in Shields
  4015 | D:6      | Reached skill level 7 in Shields
  4233 | D:6      | Found a staircase to the Ecumenical Temple.
  4497 | D:7      | Reached ** piety under Qazlal
  4497 | D:7      | Reached XP level 9. HP: 84/93 MP: 9/9
  4510 | D:7      | Noticed Dowan
  4537 | D:7      | Killed Dowan
  4547 | D:7      | Reached skill level 8 in Shields
  4709 | D:7      | Noticed Reyan's ghost (novice TrMo)
  4784 | D:7      | Killed Reyan's ghost
  4851 | D:7      | Reached skill level 5 in Short Blades
  5095 | D:7      | Noticed Prince Ribbit
  5112 | D:7      | Killed Prince Ribbit
  5112 | D:7      | Reached skill level 9 in Shields
  5112 | D:7      | Reached skill level 1 in Evocations
  5124 | D:7      | Noticed Duvessa
  5148 | D:7      | Killed Duvessa
  5203 | D:7      | Reached XP level 10. HP: 103/103 MP: 10/10
  5266 | D:7      | You fall through a shaft!
  5534 | D:8      | Reached *** piety under Qazlal
  5543 | D:8      | Reached skill level 10 in Shields
  5608 | D:8      | Found a radiant altar of Vehumet.
  6667 | D:9      | Found a blossoming altar of Fedhas.
  6743 | D:9      | Reached **** piety under Qazlal
  6887 | D:9      | Reached skill level 11 in Shields
  6889 | D:9      | Noticed a cyclops
  7007 | D:9      | Killed a cyclops
  7007 | D:9      | Reached XP level 11. HP: 91/114 MP: 12/12
  7256 | D:9      | Found a staircase to the Lair.
  7698 | D:9      | Found a deep blue altar of Sif Muna.
  7762 | D:9      | Noticed a hill giant
  7781 | D:9      | Killed a hill giant
  8000 | D:10     | Entered Level 10 of the Dungeon
  8000 | D:10     | Noticed a purple ugly thing
  8024 | D:10     | Killed a purple ugly thing
  8160 | D:10     | Reached skill level 12 in Shields
  8499 | D:10     | Noticed a hill giant
  8545 | D:10     | Killed a hill giant
  8576 | D:10     | Found a staircase to the Orcish Mines.
  8888 | D:10     | Noticed an obsidian statue
  8930 | D:10     | Noticed an orange crystal statue
  9281 | D:11     | Reached ***** piety under Qazlal
  9370 | D:11     | Found Lucvor's Food Shop.
  9482 | D:11     | Noticed a manticore
  9498 | D:11     | Killed a manticore
  9559 | D:11     | Noticed Erica
  9573 | D:11     | Killed Erica
  9573 | D:11     | Reached skill level 10 in Armour
 10125 | D:12     | Reached XP level 12. HP: 113/126 MP: 13/13
 10127 | D:12     | Noticed Britaniac's ghost (journeyman GrFi)
 10408 | D:12     | Reached skill level 13 in Shields
 10771 | D:13     | Got a clouded zirconium amulet
 10798 | D:14     | Identified the amulet "Xist" {Harm *Drain +Fly rF+++ MR+ Str-2 Int-2} (You found it on level 13 of the Dungeon)
 10944 | D:14     | Noticed a tengu warrior
 10964 | D:14     | Killed a tengu warrior
 11644 | D:14     | Reached skill level 14 in Shields
 11680 | D:14     | Reached skill level 10 in Fighting
 11810 | D:14     | Noticed a centaur warrior
 11824 | D:14     | Killed a centaur warrior
 12058 | D:14     | Found a sacrificial altar of Ru.
 12460 | D:14     | Reached XP level 13. HP: 84/135 MP: 14/14
 12883 | D:15     | Entered Level 15 of the Dungeon
 13286 | D:15     | Reached skill level 15 in Shields
 13515 | D:15     | Found a glowing golden altar of the Shining One.
 13928 | Lair:1   | Entered Level 1 of the Lair of Beasts
 14366 | Lair:1   | Reached ****** piety under Qazlal
 15152 | Lair:2   | Got a scintillating lead amulet
 15153 | Lair:2   | Identified the amulet "Ecavefic" {Regen+ Str+5 Int-5} (You found it on level 2 of the Lair of Beasts)
 16067 | Lair:3   | Reached skill level 16 in Shields
 16688 | Lair:4   | Reached XP level 14. HP: 122/146 MP: 15/15
 17236 | Lair:4   | Found a staircase to the Shoals.
 17269 | Lair:4   | Found a staircase to the Snake Pit.
 17366 | Lair:4   | Reached skill level 10 in Short Blades
 17572 | Lair:5   | Noticed Josephine
 17582 | Lair:5   | Killed Josephine
 17582 | Lair:5   | Reached skill level 17 in Shields
 17832 | Lair:5   | Found a dark tunnel.
 18107 | Lair:6   | Noticed Snorg
 18126 | Lair:6   | Killed Snorg
 19880 | Lair:8   | Entered Level 8 of the Lair of Beasts
 19891 | Lair:8   | Reached XP level 15. HP: 158/158 MP: 16/16
 19918 | Lair:8   | Reached skill level 18 in Shields
 19945 | Lair:8   | Reached skill level 5 in Dodging
 20062 | Lair:8   | Found an oddly glowing altar of Pakellas.
 20341 | Lair:8   | Found a frozen archway.
 20996 | Lair:5   | Noticed Maud
 21026 | Lair:5   | Killed Maud
 21071 | Shoals:1 | Entered Level 1 of the Shoals
 21085 | Shoals:1 | Found a runed door.
 21210 | Shoals:1 | Reached skill level 19 in Shields
 21285 | Shoals:1 | Lost mutation: You are very robust (+20% HP). [potion of cure mutation]
 21285 | Shoals:1 | Lost mutation: You are dopey. (Int -2) [potion of cure mutation]
 21285 | Shoals:1 | Lost mutation: You are robust (+10% HP). [potion of cure mutation]
 21286 | Shoals:1 | Gained mutation: Your muscles are strong. (Str +2) [potion of beneficial mutation]
 21403 | Shoals:1 | Identified a scroll of acquirement
 22300 | Shoals:2 | Noticed a kraken
 22317 | Shoals:3 | Reached XP level 16. HP: 141/141 MP: 18/18
 22549 | Shoals:4 | Entered Level 4 of the Shoals
 23025 | Shoals:4 | Found Feqegam's Magic Scroll Shop.
 23035 | Shoals:4 | Bought a scroll of recharging for 161 gold pieces
 23035 | Shoals:4 | Bought 2 scrolls of identify for 68 gold pieces
 23035 | Shoals:4 | Bought a scroll of brand weapon for 340 gold pieces
 23264 | Shoals:4 | Noticed Ilsuiw
 23265 | Shoals:4 | Noticed a kraken
 23297 | Shoals:4 | Identified Wupocw's Almanac of Weightlessness and Calling (You found it on level 4 of the Shoals)
 23323 | Shoals:4 | Reached skill level 5 in Long Blades
 23346 | Shoals:4 | Slain by an alligator snapping turtle

Skill      XL: |  1  2  3  4  5  6  7  8  9 10 11 12 13 14 15 16 |
---------------+-------------------------------------------------+-----
Fighting       | 4 5 6 7 8 9 10 11 12 | 12.9
Armour         | 4 5 6 8 9 10 11 12 13 | 13.1
Shields        | 4 5 7 9 11 12 14 16 17 19 | 19.9
Dodging        | 1 2 3 4 5 |  5.2
Short Blades   | 1 2 3 4 5 6 7 8 9 10 11 12 | 12.3
Long Blades    | 3 4 5 |  5.0
Stealth        | 1 2 |  2.2
Evocations     | 1 2 |  2.8
Invocations    | |  0.6

Action                   |  1- 3 |  4- 6 |  7- 9 | 10-12 | 13-15 | 16-18 || total
-------------------------+-------+-------+-------+-------+-------+-------++-------
Melee: Long sword        |   112 |    38 |       |       |       |       ||   150
       Short sword       |       |   123 |   356 |  1066 |  1959 |   224 ||  3728
       Scimitar          |       |       |       |       |    62 |    97 ||   159
       Quick blade       |       |       |       |       |    78 |    52 ||   130
Invok: Elemental Force   |       |       |       |     1 |       |       ||     1
Evoke: Wand              |       |       |     4 |    14 |    10 |     1 ||    29
  Use: Scroll            |     6 |     5 |     2 |    14 |    10 |     6 ||    43
       Potion            |     3 |     2 |     5 |     6 |     4 |     1 ||    21
 Stab: Invisible         |       |       |       |     1 |       |       ||     1
       Distracted        |       |       |       |     2 |     1 |       ||     3
  Eat: Bread ration      |       |     2 |       |     3 |     4 |       ||     9
       Meat ration       |       |       |     2 |     1 |     1 |     2 ||     6
       Fruit             |       |       |       |    10 |     1 |       ||    11
       Beef jerky        |       |       |       |       |     5 |       ||     5
       Pizza             |       |       |       |       |     4 |       ||     4
Armor: Scale mail        |    50 |    19 |       |       |       |       ||    69
       Plate armour      |       |    68 |   156 |   300 |   462 |   119 ||  1105
Dodge: Dodged            |    39 |    29 |    39 |   152 |   264 |    59 ||   582
       Deflected         |       |       |       |     5 |     3 |    10 ||    18
Block: Shield            |    38 |    75 |   198 |   841 |  1735 |   356 ||  3243
